 Dungeon Crawl Stone Soup version 0.17-a0-129-g9432df0 (webtiles) character file.

36 PolkaDot the Caller (level 3, -3/24 HPs)
             Began as a Vampire Summoner on Mar 24, 2015.
             Killed from afar by an orc wizard (7 damage)
             ... with a puff of flame
             ... on level 3 of the Dungeon.
             The game lasted 00:05:34 (2091 turns).

PolkaDot the Caller (Vampire Summoner)              Turns: 2091, Time: 00:05:34

Health: -3/24      AC:  2    Str:  7    XL:     3   Next: 19%
Magic:  1/6        EV: 12    Int: 18    God:
Gold:   79         SH:  0    Dex: 14    Spells: 2 memorised, 3 levels left

rFire  . . .     SeeInvis +     e - +0 dagger
rCold  . . .     Clarity  .     a - +0 robe
rNeg   . . .     SustAb   .     (no shield)
rPois  .         Gourm    .     (no helmet)
rElec  .         Spirit   .     (no cloak)
rCorr  .         Warding  .     (no gloves)
rMut   .         Stasis   .     (no boots)
MR     .....                    (no amulet)
Stlth  +.........               (no ring)
                                (no ring)

@: confused, regenerating quickly, not resistant to hostile enchantments, very
unstealthy
A: bottle blood, fangs 3, see invisible, unbreathing
a: no special abilities


You were on level 3 of the Dungeon.
You were very full.

You visited 1 branch of the dungeon, and saw 3 of its levels.

You collected 79 gold pieces.

Inventory:

Hand weapons
 e - a +0 dagger (weapon)
Armour
 a - a +0 robe (worn)
Scrolls
 c - a scroll of blinking {unknown}
 g - a scroll of immolation {unknown}
 i - a scroll of enchant weapon {unknown}
 j - a scroll of teleportation {unknown}
Potions
 d - a potion of might {unknown}
Books
 b - a book of Callings

   Spells                             Type                      Level
   a - Summon Small Mammal            Summoning                    1
   b - Call Imp                       Summoning                    2
   c - Call Canine Familiar           Summoning                    3
   d - Summon Guardian Golem          Hexes/Summoning              4
   e - Summon Lightning Spire         Summoning/Air                4
   f - Summon Ice Beast               Ice/Summoning                4
 f - a Fen Folio

   Spells                             Type                      Level
   a - Corpse Rot                     Necromancy                   2
   b - Stone Arrow                    Conjuration/Earth            3
   c - Leda's Liquefaction            Hexes/Earth                  4
   d - Summon Forest                  Summoning/Translocation      5
   e - Hydra Form                     Transmutation                6
   f - Summon Hydra                   Summoning                    7


   Skills:
 - Level 2.1 Dodging
 - Level 3.0 Stealth
 - Level 2.0 Spellcasting
 * Level 5.1 Summonings


You had 3 spell levels left.
You knew the following spells:

 Your Spells              Type           Power        Failure   Level  Hunger
s - Call Imp              Summ           ###.....     3%          2    ###....
z - Summon Small Mammal   Summ           ###.         1%          1    #......


Dungeon Overview and Level Annotations

Branches:
Dungeon (3/15)

Altars:
Ashenzari
Makhleb
Nemelex Xobeh
Okawaru
Qazlal
Zin


Innate Abilities, Weirdness & Mutations

Your natural rate of healing is unusually fast.
You can bottle blood from corpses.
You have razor-sharp teeth.
You have supernaturally acute eyesight.
You can survive without breathing.


Message History

Are you sure you want to stumble around while confused and next to your crimson imp? (Use ctrl+direction to attack without moving)
Okay, then.
Are you sure you want to stumble around while confused and next to your crimson imp? (Use ctrl+direction to attack without moving)
Okay, then.
There are monsters nearby!
Are you sure you want to stumble around while confused and next to your crimson imp? (Use ctrl+direction to attack without moving) [Y]es or [N]o only, please.
Are you sure you want to stumble around while confused and next to your crimson imp? (Use ctrl+direction to attack without moving) [Y]es or [N]o only, please.
Are you sure you want to stumble around while confused and next to your crimson imp? (Use ctrl+direction to attack without moving) [Y]es or [N]o only, please.
Are you sure you want to stumble around while confused and next to your crimson imp? (Use ctrl+direction to attack without moving) [Y]es or [N]o only, please.
Are you sure you want to stumble around while confused and next to your crimson imp? (Use ctrl+direction to attack without moving)
You miss your white imp. Your bite misses the white imp.
Your crimson imp hits the orc wizard.
The orc barely misses you.
The orc wizard becomes somewhat translucent.
The orc wizard casts a spell at you. The puff of flame hits you!
You die...

# ##. #.. ###
#.#
...###.#######
.....#.....55#
#.#.....5o@.#
#......oooo.#
##..#<......#
#...#.######
#....#.#
....##.#.# .<.
#.#.# . ..ro.
##...


You could see 3 orc wizards, a white imp, 2 orcs and 2 friendly crimson imps.

Vanquished Creatures
  3 bats
  6 goblins
  A hobgoblin (D:2)
  A quokka (D:2)
  2 giant newts (D:1)
  4 kobolds (D:1)
  4 rats
21 creatures vanquished.

Vanquished Creatures (collateral kills)
  An adder (D:2)
  A worm (D:1)
  An ooze (D:2)
  A hobgoblin (D:1)
  2 kobolds
  A goblin (D:1)
7 creatures vanquished.

Vanquished Creatures (others)
  A ball python (D:1)
  A goblin (D:1)
  A quokka (D:1)
  A rat (D:1)
4 creatures vanquished.

Grand Total: 32 creatures vanquished

Notes
Turn   | Place    | Note
--------------------------------------------------------------
     0 | D:1      | PolkaDot, the Vampire Summoner, began the quest for the Orb.
     0 | D:1      | Reached XP level 1. HP: 13/13 MP: 3/3
   402 | D:1      | Reached XP level 2. HP: 14/19 MP: 4/4
  1105 | D:1      | Found a sparkling altar of Nemelex Xobeh.
  1277 | D:1      | Learned a level 2 spell: Call Imp
  1406 | D:2      | Found a stormy altar of Qazlal.
  1635 | D:2      | Reached skill level 5 in Summonings
  1635 | D:2      | Reached XP level 3. HP: 2/24 MP: 1/6
  1641 | D:2      | HP: 1/24 [poisoned by an adder]
  1885 | D:2      | Found a burning altar of Makhleb.
  1895 | D:2      | Found a shattered altar of Ashenzari.
  1898 | D:2      | Found a glowing silver altar of Zin.
  1923 | D:2      | Found an iron altar of Okawaru.
  2091 | D:3      | Killed from afar by an orc wizard

Action                   || total
-------------------------++-------
Melee: Unarmed           ||    72
       Dagger            ||    51
 Cast: Summon Small Mamm ||    16
       Call Imp          ||     7
  Use: Potion            ||     3
 Stab: Sleeping          ||     4
  Eat: Corpse            ||    12
